 Dungeon Crawl Stone Soup version 0.29-a0-294-g83ea962da3 (webtiles) character file.

Game seed: 490184257684381850

81 koeememe the Covered (level 4, -5/27 HPs)
             Began as a Deep Elf Fighter on Mar 18, 2022.
             Killed from afar by a white imp (9 damage)
             ... with a puff of frost
             ... summoned by Natasha
             ... on level 3 of the Dungeon.
             The game lasted 00:04:48 (2606 turns).

koeememe the Covered (Deep Elf Fighter)             Turns: 2606, Time: 00:04:49

Health: -5/27      AC:  6    Str: 13    XL:     4   Next: 19%
Magic:  6/6        EV:  9    Int: 13    God:
Gold:   115        SH:  5    Dex: 16    Spells: 3/3 levels left

rFire   . . .      SeeInvis .   a - +0 long sword
rCold   . . .      Faith    .   c - +0 buckler
rNeg    . . .      Spirit   .   b - +0 scale mail
rPois   .          Reflect  .   (no helmet)
rElec   .          Harm     .   (no cloak)
rCorr   .          Rampage  .   (no gloves)
Will    .....                   (no boots)
Stlth   ..........              (no amulet)
HPRegen 0.09/turn               f - +4 ring of slaying
MPRegen 0.10/turn               (no ring)

@: mighty
A: no striking features
a: no special abilities


You were on level 3 of the Dungeon.
You visited 1 branch of the dungeon, and saw 3 of its levels.

You collected 115 gold pieces.

Inventory:

Hand Weapons
 a - a +0 long sword (weapon)
Missiles
 h - 30 stones
 p - 6 javelins (quivered)
Armour
 b - a +0 scale mail (worn)
 c - a +0 buckler (worn)
Jewellery
 f - a +4 ring of slaying (left hand)
Scrolls
 e - a scroll of fog {unknown}
 i - 2 scrolls of silence
 j - a scroll of noise {unknown}
 k - a scroll of magic mapping {unknown}
 m - a scroll of summoning {unknown}
 n - a scroll of enchant weapon {unknown}
Potions
 g - 4 potions of curing
 l - a potion of haste {unknown}
 o - a potion of flight {unknown}


   Skills:
 * Level 2.9 Fighting
 + Level 2.1 Long Blades
 + Level 3.1 Armour
 * Level 2.2 Dodging
 + Level 0.3 Stealth
 + Level 2.5 Shields


You had 3 spell levels left.
You didn't know any spells.
Your spell library contained the following spells:

 Spells                   Type           Power      Damage    Failure   Level
 Ignite Poison            Fire/Tmut/Pois 0%         N/A       99%         3
 Mephitic Cloud           Conj/Pois/Air  0%         N/A       99%         3
 Tukima's Dance           Hex            0%         N/A       99%         3
 Anguish                  Hex/Necr       0%         N/A       100%        4
 Freezing Cloud           Conj/Ice/Air   0%         6-21      100%        5
 Enfeeble                 Hex            0%         N/A       100%        7


Dungeon Overview and Level Annotations

Branches:
Dungeon (3/15)

Altars:

Annotations:
D:3 Natasha


Message History

The dart slug is heavily wounded.
You slash the dart slug!
You kill the dart slug!
No target in view!
You see here a dart slug corpse.
Natasha, Servant of Life and Death comes into view.
Found a scroll labelled FISENE ZUGGIO.
Natasha hisses angrily.
Natasha is nearby!
Natasha mumbles some strange words.
You hit the white imp.
The white imp is severely wounded.
The white imp gestures at you. The puff of frost hits you!
Natasha mumbles some strange words.
You closely miss the white imp.
The white imp is severely wounded.
The white imp hits you but does no damage.
You hit the white imp but do no damage.
The white imp is severely wounded.
The white imp gestures at you. The puff of frost misses you.
The white imp closely misses you.
Natasha mumbles some strange words.
The white imp gestures at you. The puff of frost misses you.
The white imp gestures at you. The puff of frost hits you!
Natasha howls an incantation.
Natasha's front paws start to glow.
The white imp gestures at you. The puff of frost misses you.
You open the door. The white imp gestures at you. The puff of frost hits you.
* * * LOW HITPOINT WARNING * * *
The crimson imp lashes its tail.
You feel very mighty all of a sudden. The white imp gestures at you.
The puff of frost hits you!
You die...

...##....#≈.....≈.....
#....#
...##....†#.....#....#
#....#
...#######.#####.....#
#+#+## ...#
#...........#
#...........#
#...........#
#†..........#..
##.#######...... .
+.h55...@'...... .?.
##5#######....##
.....##.# ....#
........# .#.#
.....5..# # #
......... #..h......
#..........
#...........


You could see Natasha, a crimson imp (summoned), a white imp (summoned) and a
shadow imp (summoned).

Vanquished Creatures
  A gnoll (D:2)
  2 adders (D:2)
  2 dart slugs
  A ball python (D:2)
  6 bats
  5 endoplasms
  4 giant cockroaches
  8 goblins
  A hobgoblin (D:3)
  4 jackals (D:3)
  6 kobolds (D:2)
  4 rats
44 creatures vanquished.

Notes
Turn   | Place    | Note
-------+----------+-------------------------------------------
     0 | D:1      | koeememe the Deep Elf Fighter began the quest for the Orb.
     0 | D:1      | Reached XP level 1. HP: 13/13 MP: 3/3
  1069 | D:2      | Reached XP level 2. HP: 18/18 MP: 4/4
  1464 | D:2      | Reached skill level 1 in Dodging
  1517 | D:2      | Reached XP level 3. HP: 22/22 MP: 5/5
  1824 | D:2      | Reached skill level 3 in Armour
  2288 | D:3      | Reached XP level 4. HP: 27/27 MP: 6/6
  2465 | D:3      | Found a faded altar of an unknown god.
  2590 | D:3      | Noticed Natasha
  2606 | D:3      | Killed from afar by a white imp

Illustrated notes

Levels and vault maps discovered:
D:1:      matt_arrival_refuge, layout_basic, minmay_tromino_v2
D:2:      minmay_angry_zag, layout_loops_ring
D:3:      layout_basic, shapermc_ecumenical_altar_starsandcircs, uniq_natasha

Skill      XL: |  1  2  3 |
---------------+----------+-----
Long Blades    | 2 |  2.1
Dodging        | 2 |  2.2
Armour         | 3 |  3.1
Fighting       | |  2.9
Stealth        | |  0.3
Shields        | |  2.5

Action                   |  1- 3 |  4- 6 || total
-------------------------+-------+-------++-------
Melee: Long sword        |    94 |    25 ||   119
  Use: Scroll            |     2 |       ||     2
       Potion            |     1 |     1 ||     2
Armor: Scale mail        |    53 |     7 ||    60
Dodge: Dodged            |    43 |    20 ||    63
Block: Buckler           |    27 |     8 ||    35

Table legend: (Time is in decaauts)
 A = Elapsed time spent in this place.
 B = Non-inter-level travel time spent in this place.
 C = Inter-level travel time spent in this place.
 D = Time resting spent in this place.
 E = Time spent auto-exploring this place.
 F = Levels seen in this place.
 G = Mean time per level.
                   A        B        C        D        E       F      G
               +--------+--------+--------+--------+--------+-----+--------+
         Total |   2646 |   2615 |     31 |    303 |   1926 |   3 |  882.0 |
       Dungeon |   2646 |   2615 |     31 |    303 |   1926 |   3 |  882.0 |
               +--------+--------+--------+--------+--------+-----+--------+

Top non-repeatable levels by time:
     D:2: 1078 daAuts
     D:1: 1064 daAuts
     D:3: 504 daAuts
